 Dungeon Crawl Stone Soup version 0.29-a0-857-g9b1aa3ac5b (webtiles) character file.

Game seed: 1033259558987029690

2289 nxtlvl the Thaumaturge (level 9, -1/54 HPs)
             Began as a Deep Elf Monk on July 16, 2022.
             Was a Priest of Vehumet.
             Slain by a polar bear (2 damage)
             ... on level 8 of the Dungeon.
             The game lasted 00:31:07 (2762 turns).

nxtlvl the Thaumaturge (Deep Elf Monk)              Turns: 2762, Time: 00:31:08

Health: -1/54      AC:  6    Str:  8    XL:     9   Next: 17%
Magic:  18/23      EV: 15    Int: 20    God:    Vehumet [***...]
Gold:   64         SH:  0    Dex: 17    Spells: 18/24 levels left

rFire   + . .      SeeInvis .   a - +1 short sword (distort)
rCold   . . .      Faith    .   (no shield)
rNeg    . . .      Spirit   .   b - +0 leather armour
rPois   .          Reflect  .   d - +0 helmet
rElec   .          Harm     .   (no cloak)
rCorr   .          Rampage  .   c - +0 pair of gloves
Will    .....                   e - +0 pair of boots
Stlth   ++........              (no amulet)
HPRegen 0.18/turn               n - ring of protection from fire
MPRegen 0.18/turn               (no ring)

@: no status effects
A: no striking features
a: Renounce Religion


You were on level 8 of the Dungeon.
You worshipped Vehumet.
Vehumet was most pleased with you.
You visited 2 branches of the dungeon, and saw 9 of its levels.

You collected 197 gold pieces.
You spent 133 gold pieces at shops.

Inventory:

Hand Weapons
 a - a +1 short sword of distortion (weapon)
 B - a +0 longbow
Armour
 b - a +0 leather armour (worn)
 c - a +0 pair of gloves (worn)
 d - a +0 helmet (worn)
 e - a +0 pair of boots (worn)
Jewellery
 n - a ring of protection from fire (left hand)
Wands
 s - a wand of flame (7)
 t - a wand of polymorph (13)
Scrolls
 g - a scroll of silence {unknown}
 i - a scroll of magic mapping {unknown}
 j - a scroll of noise {unknown}
 l - a scroll of enchant armour {unknown}
 o - 2 scrolls of fear {unknown}
 q - a scroll of immolation {unknown}
 r - 2 scrolls of enchant weapon {unknown}
 u - 2 scrolls of teleportation
 w - 2 scrolls of vulnerability {unknown}
 x - a scroll of blinking
 y - a scroll of fog {unknown}
Potions
 f - 2 potions of flight {unknown}
 h - a potion of brilliance
 k - a potion of curing
 p - a potion of berserk rage {unknown}
 v - 3 potions of ambrosia
 z - 2 potions of haste {unknown}
 A - a potion of resistance {unknown}
 C - 3 potions of heal wounds
 D - 2 potions of lignification {unknown}
 E - a potion of might {unknown}


   Skills:
 - Level 5.0 Fighting
 - Level 6.0 Long Blades
 + Level 7.6 Dodging
 - Level 2.4 Stealth
 + Level 8.1 Spellcasting
 * Level 4.2 Conjurations


You had 18 spell levels left.
You knew the following spells:

 Your Spells              Type           Power      Damage    Failure   Level
z - Freeze                Ice            32%        1d5       3%          1
X - Poisonous Vapours     Pois/Air       16%        N/A       5%          2
Z - Mephitic Cloud        Conj/Pois/Air  13%        N/A       5%          3

Your spell library contained the following spells:

 Spells                   Type           Power      Damage    Failure   Level
 Ensorcelled Hibernation  Hex/Ice        16%        N/A       19%         2
 Passwall                 Tmut/Erth      6%         N/A       19%         2
 Swiftness                Air            8%         N/A       36%         3
 Summon Forest            Summ/Tloc      4%         N/A       98%         5
 Summon Mana Viper        Hex/Summ       8%         N/A       98%         5
 Summon Cactus Giant      Summ           4%         N/A       100%        6
 Malign Gateway           Summ/Tloc      4%         N/A       100%        7
 Summon Horrible Things   Summ           4%         N/A       100%        8


Dungeon Overview and Level Annotations

Branches:
Dungeon (8/15)             Temple (1/1) D:4
   Lair: D:8-11

Altars:
Ashenzari
Cheibriados
Dithmenos
Elyvilon
Fedhas
Gozag
Kikubaaqudgha
Makhleb
Nemelex Xobeh
Okawaru
Qazlal
Ru
Sif Muna
Trog
Uskayaw
Vehumet
Wu Jian
Xom
Yredelemnul
Zin
The Shining One

Shops:
D:4 [   D:5 ?

Portals:
Abyss: D:7

Annotations:
D:3 Natasha
D:7 1 transporter, Joseph; jimonade's ghost, novice NaFi


Message History

Vehumet accepts your kill.
You catch the helpless yak completely off-guard!
You hit the yak.
Space warps around the yak.
The yak is severely wounded.
The two-headed ogre shouts in stereo!
You barely miss the yak.
The yak is severely wounded.
The yak gores you!
The yak gores itself.
You barely miss the yak.
The yak is severely wounded.
The polar bear seems less confused.
You strike the helpless yak from behind!
You puncture the yak!
The yak is almost dead.
The yak blinks!
The yak gores you!
You hit the yak but do no damage.
Space warps horribly around the yak!
You kill the yak!
Vehumet accepts your kill.
The polar bear bites you but does no damage.
The polar bear closely misses you. The polar bear barely misses you.
Your Spellcasting skill increases to level 8!
Your Conjurations skill increases to level 4!
The polar bear attacks as you move away!
The polar bear barely misses you. The polar bear closely misses you.
The polar bear claws you.
The polar bear attacks as you move away!
The polar bear bites you.
* * * LOW HITPOINT WARNING * * *
The polar bear misses you. The polar bear barely misses you.
The polar bear attacks as you move away!
The polar bear barely misses you. x2; The polar bear misses you.
The polar bear attacks as you move away!
The polar bear bites you!
* * * LOW HITPOINT WARNING * * *
The polar bear closely misses you. The polar bear barely misses you.
The polar bear attacks as you move away!
The polar bear bites you.
* * * LOW HITPOINT WARNING * * *
The polar bear claws you.
You die...

##............... .#
###...............#
....................# ..
...##..............# #..
#..#..............#
#..###................# ...
#..............# .##
#.####............## ....
#.....h@...†<....##
#######..#......###....####
................# ##.....#
.##########..O..# #.....#
)....†.....##########§§§.#
..########.........
#..§...# ### #########.
.§§§...# #.....## #######


You could see a two-headed ogre and a polar bear.

Vanquished Creatures
  Pikel (D:6)
  2 yaks (D:8)
  Menkaure (D:5)
  An acid dragon (D:8)
  A black bear (D:6)
  An ice beast (D:8)
  An ogre (D:6)
  A wolf (D:8)
  A centaur (D:7)
  A phantom (D:6)
  A kobold brigand (D:6)
  A necrophage (D:6)
  3 hounds
  A gnoll bouda (D:8)
  A jelly (D:7)
  3 iguanas
  A centaur simulacrum (D:8)
  4 gnolls (D:8)
  3 adders
  2 white imps (D:8)
  An ufetubus (D:4)
  2 dart slugs
  9 orcs
  5 endoplasms
  3 giant cockroaches
  6 goblins
  4 hobgoblins
  A jackal (D:3)
  2 quokkas (D:1)
  5 ball pythons
  4 bats
  A frilled lizard (D:1)
  8 kobolds
  A rat (D:3)
83 creatures vanquished.

Notes
Turn   | Place    | Note
-------+----------+-------------------------------------------
     0 | D:1      | nxtlvl the Deep Elf Monk began the quest for the Orb.
     0 | D:1      | Reached XP level 1. HP: 13/13 MP: 3/3
   279 | D:1      | Found a faded altar of an unknown god.
   461 | D:3      | Noticed Natasha
   569 | D:3      | Reached XP level 2. HP: 17/18 MP: 4/4
   784 | D:3      | Reached XP level 3. HP: 10/22 MP: 5/5
   884 | D:4      | Found Jizupnud's Armour Emporium.
   910 | D:4      | Noticed an ogre
   958 | D:4      | Reached XP level 4. HP: 23/27 MP: 6/6
  1057 | D:4      | Found a staircase to the Ecumenical Temple.
  1068 | Temple   | Entered the Ecumenical Temple
  1136 | Temple   | Became a worshipper of Vehumet
  1136 | Temple   | Reached * piety under Vehumet
  1136 | Temple   | Offered knowledge of Freeze by Vehumet.
  1136 | Temple   | Reached ** piety under Vehumet
  1140 | Temple   | Learned a level 1 spell: Freeze
  1236 | D:4      | Offered knowledge of Poisonous Vapours by Vehumet.
  1241 | D:4      | Learned a level 2 spell: Poisonous Vapours
  1369 | D:5      | Entered Level 5 of the Dungeon
  1396 | D:5      | Reached skill level 5 in Long Blades
  1396 | D:5      | Reached skill level 1 in Spellcasting
  1414 | D:5      | Noticed a necrophage
  1426 | D:5      | Banished a necrophage
  1427 | D:5      | Reached skill level 2 in Spellcasting
  1427 | D:5      | Reached XP level 5. HP: 28/31 MP: 7/10
  1463 | D:5      | Noticed Menkaure
  1471 | D:5      | Killed Menkaure
  1472 | D:5      | Reached skill level 3 in Spellcasting
  1472 | D:5      | Reached XP level 6. HP: 12/36 MP: 10/12
  1553 | D:5      | Found Sefiamea's Magic Scroll Emporium.
  1570 | D:5      | Bought a scroll of identify for 28 gold pieces
  1570 | D:5      | Bought a scroll of blinking for 105 gold pieces
  1646 | D:5      | Found an iron altar of Okawaru.
  1883 | D:7      | Noticed a small abomination
  1886 | D:7      | Noticed a small abomination
  1897 | D:7      | Found a one-way gate to the infinite horrors of the Abyss.
  1897 | D:7      | Noticed jimonade's ghost (novice NaFi)
  1899 | D:7      | Noticed a small abomination
  1909 | D:7      | Found a transporter.
  1976 | D:7      | Noticed Joseph
  1983 | D:7      | Reached skill level 4 in Spellcasting
  1999 | D:7      | Found an opulent altar of Gozag.
  2070 | D:7      | Reached XP level 7. HP: 30/41 MP: 15/15
  2116 | D:6      | Noticed Pikel
  2119 | D:6      | Killed Pikel
  2120 | D:6      | Reached skill level 5 in Dodging
  2120 | D:6      | Reached skill level 5 in Spellcasting
  2144 | D:6      | Reached skill level 6 in Spellcasting
  2144 | D:6      | Reached XP level 8. HP: 46/48 MP: 17/19
  2220 | D:8      | Noticed a two-headed ogre
  2459 | D:6      | Reached skill level 7 in Spellcasting
  2465 | D:6      | Offered knowledge of Mephitic Cloud by Vehumet.
  2475 | D:6      | Learned a level 3 spell: Mephitic Cloud
  2518 | D:6      | Reached skill level 1 in Conjurations
  2656 | D:8      | Reached *** piety under Vehumet
  2708 | D:8      | Noticed a polar bear
  2726 | D:8      | Reached skill level 5 in Fighting
  2741 | D:8      | Reached XP level 9. HP: 40/54 MP: 18/22
  2752 | D:8      | Reached skill level 8 in Spellcasting
  2762 | D:8      | HP: 1/54 [polar bear (4)]
  2762 | D:8      | Slain by a polar bear

Illustrated notes

Levels and vault maps discovered:
D:1:      nicolae_arrival_somewhat_less_tricky_arrival, layout_basic,
          ebering_ecumenical_altar_petrified
D:2:      layout_basic
D:3:      minmay_bubble_buster, layout_loops_cross, corexii_corridor_pit,
          uniq_natasha, uniq_grinder
D:4:      layout_rooms, minmay_temple_entry_arrows, serial_shops, shop,
          minmay_ogre_servants
D:5:      layout_basic, mainiacjoe_overflow_paths, serial_shops,
          nicolae_stop_n_shop_2, uniq_menkaure
D:6:      layout_basic, uniq_pikel
D:7:      layout_cave_pods, mainiacjoe_overflow_catwalk, serial_shops, shop,
          kennysheep_mini, gammafunk_ghost_abyssal_escape, uniq_joseph
D:8:      layout_rooms, serial_ice, serial_ice_i, serial_ice_g, serial_ice_c,
          serial_ice_e
Temple:   compressed_dpeg_triangle_lava_temple

Skill      XL: |  1  2  3  4  5  6  7  8  9 |
---------------+----------------------------+-----
Long Blades    | 3 4 5 6 |  6.0
Spellcasting   | 2 3 4 6 7 8 |  8.1
Dodging        | 4 5 7 |  7.6
Fighting       | 3 4 5 |  5.0
Conjurations   | 3 4 |  4.2
Stealth        | |  2.4

Action                   |  1- 3 |  4- 6 |  7- 9 || total
-------------------------+-------+-------+-------++-------
Melee: Falchion          |    27 |       |       ||    27
       Short sword       |    48 |    57 |   101 ||   206
       Punch             |       |       |     2 ||     2
Throw: Dart              |     9 |    19 |    16 ||    44
 Cast: Mephitic Cloud    |       |       |     3 ||     3
Evoke: Wand              |       |    16 |     5 ||    21
  Use: Scroll            |       |     5 |       ||     5
       Potion            |       |       |     2 ||     2
 Stab: Sleeping          |     5 |       |     1 ||     6
       Confused          |       |       |     2 ||     2
Armor: Robe              |    11 |       |       ||    11
       Leather armour    |       |     7 |     9 ||    16
Dodge: Dodged            |    52 |    34 |    56 ||   142

Table legend: (Time is in decaauts)
 A = Elapsed time spent in this place.
 B = Non-inter-level travel time spent in this place.
 C = Inter-level travel time spent in this place.
 D = Time resting spent in this place.
 E = Time spent auto-exploring this place.
 F = Levels seen in this place.
 G = Mean time per level.
                   A        B        C        D        E       F      G
               +--------+--------+--------+--------+--------+-----+--------+
         Total |   2752 |   2649 |    103 |      0 |    264 |   9 |  305.8 |
       Dungeon |   2668 |   2575 |     93 |      0 |    264 |   8 |  333.5 |
        Temple |     83 |     73 |     10 |      0 |      0 |   1 |   83.0 |
               +--------+--------+--------+--------+--------+-----+--------+

Top non-repeatable levels by time:
     D:6: 461 daAuts
     D:5: 461 daAuts
     D:3: 453 daAuts
     D:4: 384 daAuts
     D:7: 286 daAuts
     D:1: 263 daAuts
     D:2: 185 daAuts
     D:8: 172 daAuts
  Temple: 83 daAuts
